 Dungeon Crawl Stone Soup version 0.27-a0-1065-ge809cff456 (webtiles) character file.

Game seed: 8404905397031873637

238 Demosthentine the Poker (level 6, 0/48 HPs)
             Began as a Merfolk Gladiator on Apr 22, 2021.
             Slain by a centaur (1 damage)
             ... on level 4 of the Dungeon.
             The game lasted 00:03:18 (3707 turns).

Demosthentine the Poker (Merfolk Gladiator)         Turns: 3707, Time: 00:03:19

Health: 0/48       AC:  4    Str: 16    XL:     6   Next: 7%
Magic:  6/6        EV: 14    Int:  7    God:
Gold:   121        SH:  0    Dex: 16    Spells: 5/5 levels left

rFire    . . .     SeeInvis .   a - +0 trident (venom)
rCold    . . .     Faith    .   (no shield)
rNeg     . . .     Spirit   .   b - +0 leather armour
rPois    .         Reflect  .   c - +0 helmet
rElec    .         Harm     .   (no cloak)
rCorr    .         Rampage  .   (no gloves)
Will     .....                  (no boots)
Stlth    +.........             g - amulet of magic regeneration
HPRegen  0.16/turn              (no ring)
MPRegen  0.35/turn              (no ring)

@: hasted, very quick
A: (nimble swimmer 2), mertail
a: no special abilities


You were on level 4 of the Dungeon.
You visited 1 branch of the dungeon, and saw 4 of its levels.
You also visited: Sewer.

You collected 121 gold pieces.

Inventory:

Hand Weapons
 a - a +0 trident of venom (weapon)
Missiles
 d - 2 throwing nets (quivered)
Armour
 b - a +0 leather armour (worn)
 c - a +0 helmet (worn)
Jewellery
 g - an amulet of magic regeneration (around neck)
Scrolls
 h - 2 scrolls of fog
 k - a scroll of fear
Potions
 e - a potion of might
 f - a potion of berserk rage
 i - a potion of haste
 n - a potion of heal wounds {unknown}
 o - 2 potions of degeneration {unknown}
 p - a potion of flight {unknown}


   Skills:
 + Level 3.8 Fighting
 + Level 6.0 Polearms
 - Level 2.0 Throwing
 + Level 1.8 Armour
 + Level 5.6 Dodging


You had 5 spell levels left.
You didn't know any spells.
Your spell library contained the following spells:

 Spells                   Type           Power      Damage    Failure   Level
 Animate Skeleton         Necr           0%         N/A       50%         1
 Magic Dart               Conj           0%         1d3       50%         1
 Pain                     Necr           0%         1d4       50%         1
 Blink                    Tloc           N/A        N/A       65%         2
 Call Imp                 Summ           0%         N/A       65%         2
 Slow                     Hex            0%         N/A       65%         2
 Conjure Flame            Conj/Fire      0%         6-21      86%         3
 Mephitic Cloud           Conj/Pois/Air  0%         N/A       86%         3
 Vampiric Draining        Necr           0%         2d6       86%         3
 Animate Dead             Necr           0%         N/A       99%         4
 Agony                    Necr           0%         N/A       100%        5


Dungeon Overview and Level Annotations

Branches:
Dungeon (4/15)              Sewer (visited)
 Temple: D:4-7

Altars:


Innate Abilities, Weirdness & Mutations

((You are quick and stealthy near water. (Stealth+, EV+, Speed+++)))
Your lower body shifts to a powerful aquatic tail in water.


Message History

The jackal bites you but does no damage.
The jackal barely misses you.
There are monsters nearby!
You hit the jackal.
You kill the jackal!
The hobgoblin hits you. The jackal bites you.
There are monsters nearby!
You hit the hobgoblin.
The hobgoblin is moderately wounded.
The jackal closely misses you. The hobgoblin barely misses you.
A centaur comes into view.
The centaur shouts!
You hit the hobgoblin.
You kill the hobgoblin!
The jackal barely misses you.
The centaur wields a +0 shortbow.
The centaur shoots an arrow.
The arrow hits you! The jackal barely misses you.
There are monsters nearby!
You are too injured to fight recklessly!
You are too injured to fight recklessly!
There are monsters nearby!
You are too injured to fight recklessly!
There are monsters nearby!
You are too injured to fight recklessly!
There are monsters nearby!
You are too injured to fight recklessly!
Unknown command.
The centaur shoots an arrow.
The arrow hits you!
* * * LOW HITPOINT WARNING * * *
An adder skeleton comes into view.
Found a stone staircase leading down.
The jackal bites you but does no damage.
It was a potion of haste.
You feel yourself speed up.
The centaur shoots an arrow.
The arrow closely misses you.
The jackal bites you but does no damage.
The centaur shoots an arrow.
The arrow hits you!
* * * LOW HITPOINT WARNING * * *
The centaur unwields a +0 shortbow.
The centaur hits you.
* * * LOW HITPOINT WARNING * * *
The centaur kicks you.
You die...

.# ##..## #.... ....#
..# #.##.##...## ...##
...........##....##
...#..?....#.....#####
.......†.........##.## .
#............##...#
....###...........##....
......c@h....>..........
.#......#......##.##...#
#...Z###..##.## ##..##
#.....##...#.#####...##
..>.. ............##....
.#... ........###..#...#
.... .........###......#
.... ................###
..............##


You could see a centaur, a jackal and an adder skeleton.

Vanquished Creatures
  Purgy (Sewer)
  4 gnolls (D:2)
  An adder (D:2)
  A river rat (D:3)
  2 worms
  A dart slug (D:1)
  5 ball pythons
  3 endoplasms (D:1)
  8 hobgoblins
  10 jackals
  7 kobolds
  2 quokkas
  5 bats
  7 frilled lizards
  8 goblins
  3 rats
68 creatures vanquished.

Notes
Turn   | Place    | Note
-------+----------+-------------------------------------------
     0 | D:1      | Demosthentine the Merfolk Gladiator began the quest for the
                  | Orb.
     0 | D:1      | Reached XP level 1. HP: 16/16 MP: 1/1
   141 | D:1      | Reached XP level 2. HP: 23/23 MP: 2/2
   180 | D:1      | Found a faded altar of an unknown god.
   424 | D:1      | Reached XP level 3. HP: 28/28 MP: 3/3
   966 | D:2      | Reached skill level 5 in Polearms
   980 | D:2      | Reached skill level 1 in Armour
   980 | D:2      | Reached XP level 4. HP: 14/34 MP: 4/4
  1918 | D:2      | Reached skill level 5 in Dodging
  3001 | D:3      | Found a glowing drain.
  3007 | D:3      | Reached XP level 5. HP: 31/41 MP: 5/5
  3015 | Sewer    | Entered a sewer
  3244 | Sewer    | Noticed Purgy
  3271 | Sewer    | Killed Purgy
  3272 | Sewer    | Reached skill level 6 in Polearms
  3272 | Sewer    | Reached XP level 6. HP: 6/48 MP: 6/6
  3707 | D:4      | HP: 1/48 [centaur (4)]
  3707 | D:4      | Slain by a centaur

Illustrated notes

Levels and vault maps discovered:
D:1:      kennysheep_arrival_forest, layout_basic,
          shapermc_ecumenical_altar_mp_highgroup
D:2:      layout_basic, serial_aquarium, aquarium_bridge_straight
          [aquarium_subvault_bridge, aquarium_subvault_wall,
          aquarium_subvault_bridge, aquarium_subvault_window],
          aquarium_bridge_straight [aquarium_subvault_bridge,
          aquarium_subvault_balcony, aquarium_subvault_bridge,
          aquarium_subvault_window], aquarium_window_1, aquarium_window_fake,
          aquarium_window_2, aquarium_window_fake, aquarium_view_2g,
          aquarium_view_2d, aquarium_balcony_1b, aquarium_pool_1
D:3:      layout_rooms, portal_sewer_entry_b
D:4:      layout_cave_pools, minmay_temple_entry_ruins

Skill      XL: |  1  2  3  4  5 |
---------------+----------------+-----
Polearms       | 5 6 |  6.0
Armour         | 1 |  1.8
Fighting       | 3 |  3.8
Dodging        | 5 |  5.6
Throwing       | |  2.0

Action                   |  1- 3 |  4- 6 || total
-------------------------+-------+-------++-------
Melee: Trident           |    58 |   147 ||   205
       Tailslap          |       |     4 ||     4
Throw: Throwing net      |       |     3 ||     3
  Use: Scroll            |     1 |     4 ||     5
       Potion            |       |     2 ||     2
 Stab: Sleeping          |     1 |     4 ||     5
       Held in net/web   |       |     1 ||     1
Armor: Leather armour    |     6 |    40 ||    46
Dodge: Dodged            |    23 |   116 ||   139

Table legend: (Time is in decaauts)
 A = Elapsed time spent in this place.
 B = Non-inter-level travel time spent in this place.
 C = Inter-level travel time spent in this place.
 D = Time resting spent in this place.
 E = Time spent auto-exploring this place.
 F = Levels seen in this place.
 G = Mean time per level.
                   A        B        C        D        E       F      G
               +--------+--------+--------+--------+--------+-----+--------+
         Total |   3717 |   3661 |     56 |    440 |   2714 |   5 |  743.4 |
       Dungeon |   3147 |   3091 |     56 |    379 |   2282 |   4 |  786.8 |
         Sewer |    569 |    569 |      0 |     61 |    432 |   1 |  569.0 |
               +--------+--------+--------+--------+--------+-----+--------+

Top non-repeatable levels by time:
     D:2: 1447 daAuts
     D:1: 1130 daAuts
   Sewer: 569 daAuts
     D:3: 502 daAuts
     D:4: 67 daAuts
